 Dungeon Crawl Stone Soup version 0.22-a0-388-g09e6169 (webtiles) character file.

293 Kairos the Shield-Bearer (level 6, -4/32 HPs)
             Began as a Vine Stalker Fighter on Apr 29, 2018.
             Slain by Duvessa
             ... wielding a +0 short sword
              (5 damage)
             ... on level 4 of the Dungeon.
             The game lasted 00:04:16 (1781 turns).

Kairos the Shield-Bearer (Vine Stalker Fighter)     Turns: 1781, Time: 00:04:17

Health: -4/32      AC: 12    Str: 20    XL:     6   Next: 33%
Magic:  0/7        EV:  7    Int:  8    God:
Gold:   140        SH: 12    Dex: 14    Spells: 5/5 levels left

rFire    . . .     SeeInvis .   a - +0 war axe
rCold    . . .     Gourm    .   c - +0 shield
rNeg     . . .     Faith    .   b - +0 scale mail
rPois    .         Spirit   +   q - +2 helmet
rElec    .         Reflect  +   v - +1 cloak {+Inv}
rCorr    +         Harm     .   (no gloves)
MR       .....                  (no boots)
Stlth    ..........             s - +3 amulet of reflection
HPRegen  0.50/turn              o - ring of resist corrosion
MPRegen  0.10/turn              (no ring)

@: no status effects
A: fangs 2, regeneration 1, magic shield, antimagic bite, no potion heal 3, rot
immunity
a: Evoke Invisibility


You were on level 4 of the Dungeon.
You were not hungry.

You visited 1 branch of the dungeon, and saw 4 of its levels.

You collected 140 gold pieces.

Inventory:

Hand Weapons
 a - a +0 war axe (weapon)
Missiles
 u - 5 tomahawks (quivered)
Armour
 b - a +0 scale mail (worn)
 c - a +0 shield (worn)
 q - a +2 helmet (worn)
 v - a +1 cloak of invisibility (worn)
Jewellery
 o - a ring of resist corrosion (left hand)
 s - a +3 amulet of reflection (around neck)
Scrolls
 e - a scroll of random uselessness {unknown}
 g - 2 scrolls of identify
 h - 4 scrolls of teleportation
 i - 4 scrolls of remove curse
 j - a scroll of immolation {unknown}
 k - a scroll of noise {unknown}
 l - a scroll of blinking {unknown}
 y - a scroll of magic mapping {unknown}
Potions
 d - a potion of might
 m - 2 potions of brilliance
 n - a potion of curing {unknown}
 p - a potion of lignification
 r - a potion of magic {unknown}
 t - a potion of mutation {unknown}
 w - a potion of resistance {unknown}
 x - a potion of haste {unknown}
Comestibles
 f - 6 rations


   Skills:
 + Level 3.6 Fighting
 + Level 3.7 Axes
 + Level 3.0 Armour
 + Level 0.6 Dodging
 + Level 0.1 Stealth
 + Level 4.0 Shields


You had 5 spell levels left.
You didn't know any spells.

Dungeon Overview and Level Annotations

Branches:
Dungeon (4/15)
 Temple: D:4-7

Altars:
Sif Muna

Annotations:
D:4 Dowan, Duvessa


Innate Abilities, Weirdness & Mutations

You have extremely sharp teeth.
Your natural rate of healing is unusually fast.
When hurt, damage is shared between your health and your magic reserves.
Your bite disrupts and absorbs the magic of your enemies.
Potions cannot restore your health.
You are immune to rotting.


Message History

You feel invigorated.
The orc priest is severely wounded.
You barely miss the orc. The orc barely misses you.
The orc priest invokes the aid of Beogh against you.
Pain shoots through your body! You block Duvessa's attack.
You block the orc's attack.
The orc wizard mumbles some strange words.
The orc wizard blinks!
Dowan points at you and mumbles some strange words.
You easily resist.
The orc priest mumbles some strange prayers to Beogh against you.
You struggle to resist.
The orc wizard casts a spell.
The orc wizard blinks!
Duvessa hits you with a short sword.
The orc priest calls down the wrath of Beogh upon you.
Beogh smites you!
* * * LOW HITPOINT WARNING * * *
Duvessa hits you with a short sword.
You die...

##..............
#................
##................
..................
.$.......e......<.
.........?........
.........ยง........
.......o.e........
.......ooo@.......
....o.............
..................
.#...........$....
#....##........#.
#.... #####..##..
#%... .## # .. ##


You could see Duvessa, Dowan, an orc priest, an orc wizard and 3 orcs.

Vanquished Creatures
  Sigmund (D:3)
  Terence (D:3)
  5 adders
  A worm (D:3)
  2 leopard geckos
  2 orcs (D:3)
  7 bats
  5 giant cockroaches
  7 goblins
  8 hobgoblins
  2 jackals (D:2)
  2 quokkas
  2 ball pythons
  2 frilled lizards (D:2)
  5 kobolds
  7 rats
59 creatures vanquished.

Notes
Turn   | Place    | Note
-------+----------+-------------------------------------------
     0 | D:1      | Kairos the Vine Stalker Fighter began the quest for the Orb.
     0 | D:1      | Reached XP level 1. HP: 11/11 MP: 2/2
   100 | D:1      | Reached XP level 2. HP: 10/16 MP: 3/3
   156 | D:1      | Reached skill level 3 in Shields
   726 | D:2      | Reached XP level 3. HP: 18/20 MP: 4/4
   787 | D:2      | Found a deep blue altar of Sif Muna.
  1037 | D:2      | Gained mutation: Your natural rate of healing is unusually fast. [Vine Stalker growth]
  1037 | D:2      | Reached XP level 4. HP: 24/24 MP: 5/5
  1529 | D:3      | Noticed Sigmund
  1543 | D:3      | Killed Sigmund
  1543 | D:3      | Reached XP level 5. HP: 27/28 MP: 4/6
  1543 | D:3      | Reached XP level 6. HP: 31/32 MP: 4/7
  1566 | D:3      | Reached skill level 4 in Shields
  1737 | D:3      | Noticed Terence
  1753 | D:3      | Killed Terence
  1774 | D:4      | Noticed Duvessa
  1774 | D:4      | Noticed Dowan
  1780 | D:4      | HP: 1/32 [orc priest/divine providence (10)]
  1781 | D:4      | Slain by Duvessa

Vault maps used:
D:1:      roderic_dead_forest
D:2:      old_standard_altar
D:3:      minmay_misc_feat_pillars, uniq_sigmund, uniq_terence
D:4:      first_ration, uniq_duvessa

Skill      XL: |  1  2  3  4  5  6 |
---------------+-------------------+-----
Shields        | 3 4 |  4.0
Fighting       | 3 |  3.6
Axes           | 2 3 |  3.7
Armour         | 3 |  3.0
Dodging        | |  0.6
Stealth        | |  0.1

Action                   |  1- 3 |  4- 6 || total
-------------------------+-------+-------++-------
Melee: War axe           |   105 |    71 ||   176
       Bite              |    30 |    31 ||    61
  Use: Scroll            |       |     4 ||     4
  Eat: Chunk             |       |     3 ||     3
Armor: Scale mail        |    50 |    37 ||    87
Dodge: Dodged            |    34 |    17 ||    51
Block: Shield            |    71 |    49 ||   120
       Reflection        |       |     1 ||     1

Table legend:
 A = Spawn XP
 B = Non-spawn XP
 C = Spawn XP percentage of total XP
 D = Spawn monster count
 E = Non-spawn monster count
 F = Spawn count percentage of total count
 G = Total turns spent on level
                    A         B        C        D         E        F      G
               +---------+---------+-------+---------+---------+-------+---------
         Total |       0 |     419 |   0.0 |       0 |      59 |   0.0 |  1781
               +---------+---------+-------+---------+---------+-------+---------
           D:1 |       0 |      24 |   0.0 |       0 |      14 |   0.0 |   651
           D:2 |       0 |      79 |   0.0 |       0 |      26 |   0.0 |   674
           D:3 |       0 |     316 |   0.0 |       0 |      19 |   0.0 |   447
               +---------+---------+-------+---------+---------+-------+---------
